 Seeded DCSS version 0.31-a0-496-g6f97920a28 (webtiles) character file.

Game seed: 17088002534519195359 (custom seed)

10903 bmack86 the Severer (level 11, -4/88 HPs)
             Began as a Minotaur Fighter on Aug 9, 2023.
             Was an Elder of Okawaru.
             Slain by Snorg (7 damage)
             ... on level 10 of the Dungeon.
             The game lasted 00:30:59 (11043 turns).

bmack86 the Severer (Minotaur Fighter)             Turns: 11043, Time: 00:30:59

Health: -4/88      AC: 25    Str: 25    XL:     11   Next: 42%
Magic:  14/15      EV: 11    Int: 11    God:    Okawaru [****..]
Gold:   484        SH: 11    Dex: 10    Spells: 10/10 levels left

rFire   . . .        a - +0 war axe
rCold   + . .        c - +0 buckler
rNeg    . . .        w - +7 Kryia's mail coat {PotionHeal*2 rC+}
rPois   .            (helmet restricted)
rElec   .            m - +2 cloak
rCorr   .            p - +2 pair of gloves
SInv    .            e - +2 pair of boots
Will    .....        n - amulet of reflection
Stlth   +            l - +6 ring of intelligence
HPRegen 0.34/turn    (no ring)
MPRegen 0.14/turn

%: reflection
@: heroic
A: horns 2, retaliatory headbutt
a: Renounce Religion, Heroism, Finesse


You were on level 10 of the Dungeon.
You worshipped Okawaru.
Okawaru was greatly pleased with you.
You visited 2 branches of the dungeon, and saw 11 of its levels.
You also visited: Bailey.

You collected 619 gold pieces.
You spent 135 gold pieces at shops.

Inventory:

Hand Weapons
 a - a +0 war axe (weapon)
 y - a +0 hand axe of venom
 L - a +3 scimitar of flaming
Missiles
 g - 16 boomerangs
 s - 4 javelins
 B - 2 curare-tipped darts
 K - 3 throwing nets
Armour
 b - a +0 scale mail
 c - a +0 buckler (worn)
 e - a +2 pair of boots (worn)
 m - a +2 cloak (worn)
 p - a +2 pair of gloves (worn)
 v - a +0 kite shield
 w - the +7 Kryia's mail coat (worn) {PotionHeal*2 rC+}
   (You found it on level 7 of the Dungeon)

   PotionHeal*2: Potions heal its wearer twice as much.
   rC:        It protects you from cold.
 z - a +0 chain mail
 I - a +0 tower shield
Jewellery
 f - an amulet of the acrobat
 l - a +6 ring of intelligence (left hand)
 n - an amulet of reflection (around neck)
 D - a ring of magical power
Wands
 i - a wand of roots (9)
 q - a wand of flame (24)
 r - a wand of paralysis (1)
 J - a wand of mindburst (13)
Scrolls
 k - 2 scrolls of teleportation
 A - a scroll of summoning
 E - a scroll of amnesia
 F - 2 scrolls of blinking
 G - a scroll of fog
 P - 2 scrolls of enchant weapon {unknown}
Potions
 d - a potion of invisibility
 h - 2 potions of attraction
 j - a potion of haste
 o - 2 potions of curing
 t - 4 potions of lignification {unknown}
 u - a potion of magic
 x - 5 potions of cancellation
 C - 2 potions of brilliance
 H - 2 potions of mutation {unknown}
 N - a potion of might


   Skills:
 * Level 5.2(10.2) Fighting
 - Level 18.2(23.2) Axes
 + Level 4.4(9.4) Armour
 * Level 5.1(10.1) Shields
 + Level 7.9 Invocations


You had 10 spell levels left.
You didn't know any spells.
Your spell library contained the following spells:

 Spells                   Type           Power      Damage    Failure   Level
 Apportation              Tloc           0%         N/A       63%         1
 Magic Dart               Conj           0%         1d3       63%         1
 Necrotise                Necr           0%         1d4       63%         1
 Blink                    Tloc           0%         N/A       77%         2
 Lesser Beckoning         Tloc           0%         N/A       77%         2
 Momentum Strike          Conj/Tloc      0%         3d8       77%         2
 Searing Ray              Conj           0%         2d4       77%         2
 Fulminant Prism          Conj/Hex       0%         3d5       100%        4
 Summon Small Mammal      Summ           Unusable   N/A       N/A         1

Dungeon Overview and Level Annotations

Branches:
Dungeon (10/15)            Temple (1/1) D:6            Lair (0/5) D:8
    Orc (0/2) D:9          Bailey (visited)

Altars:
Ashenzari
Cheibriados
Dithmenos
Elyvilon
Fedhas
Gozag
Hepliaklqana
Makhleb
Nemelex Xobeh
Okawaru
Qazlal
Ru
Sif Muna
Trog
Uskayaw
Vehumet
Wu Jian
Xom
Yredelemnul
Zin
The Shining One

Shops:
D:2 [   D:5 ?

Annotations:
D:5 3 runed translucent doors, sunglassesatnite's ghost, amateur MiFi
D:10 Snorg


Innate Abilities, Weirdness & Mutations

You have a pair of horns on your head.
You reflexively headbutt those who attack you in melee.


Message History

Snorg claws you but does no damage. x2
You closely miss Snorg. Your headbutt misses Snorg.
Snorg is moderately wounded.
Snorg bites you! You block Snorg's attack. Snorg barely misses you.
You slash Snorg!
Snorg is moderately wounded.
Snorg bites you! Snorg claws you. You block Snorg's attack.
You slash Snorg!
Snorg is heavily wounded.
Snorg barely misses you. Snorg closely misses you. Snorg claws you.
You barely miss Snorg. You headbutt Snorg!
Snorg is heavily wounded.
Snorg bites you but does no damage. Snorg claws you!
* * * LOW HITPOINT WARNING * * *
Snorg barely misses you.
You barely miss Snorg. You headbutt Snorg.
Snorg is heavily wounded.
Snorg barely misses you. Snorg claws you!
* * * LOW HITPOINT WARNING * * *
Snorg completely misses you.
You slice Snorg!! You headbutt Snorg.
Snorg is severely wounded.
You block Snorg's attack. Snorg closely misses you. You block Snorg's attack.
You slash Snorg!
Snorg is almost dead.
Snorg bites you!
* * * LOW HITPOINT WARNING * * *
Snorg claws you but does no damage. Snorg closely misses you.
The +7 Kryia's mail coat enhances the healing.
You feel better. You block Snorg's attack. Snorg claws you but does no damage.
Snorg closely misses you.
You slice Snorg!! Your headbutt misses Snorg.
Snorg is almost dead.
Snorg bites you!
* * * LOW HITPOINT WARNING * * *
Snorg closely misses you. Snorg claws you but does no damage.
You barely miss Snorg.
Snorg is almost dead.
Snorg bites you but does no damage. You block Snorg's attack. Snorg claws you!
You die...

#....#########...#####
#.....................
#.....................
#.....................
#########.............
##............. #
####..............
##.##8###8##..............
../......@T'..............
##.##8###8##.#############
# ####..T .........
...............
###............
............ ............
........... #........


You could see Snorg (berserk).

Vanquished Creatures
  Erolcha (D:10)
  2 two-headed ogres
  Erica (D:8)
  Pikel (D:7)
  A gargoyle (Bailey)
  Maggie (D:6)
  Psyche (D:9)
  A troll (D:8)
  Prince Ribbit (D:8)
  Sigmund (D:6)
  A shadow (D:10)
  A wraith (D:9)
  A vampire (Bailey)
  A wyvern (D:8)
  9 yaks
  A basilisk (D:8)
  A steam dragon (D:8)
  Grum (D:8)
  Menkaure (D:7)
  A water moccasin (D:7)
  An ice beast (D:8)
  2 orc warriors
  2 black bears
  2 sky beasts
  3 centaurs (D:10)
  4 wolves (D:8)
  2 ogres
  3 lemures (D:7)
  A phantom (D:5)
  3 bullfrogs
  3 kobold brigands
  2 gnoll sergeants
  3 scorpions
  5 wights (D:8)
  3 killer bees
  7 vampire bats (Bailey)
  4 howler monkeys
  7 wolf zombies (Bailey)
  7 orc priests
  2 hounds
  2 jellies (D:6)
  2 gnoll boudas
  2 iguanas
  5 orc wizards
  A mummy (D:7)
  11 adders
  25 gnolls
  A shadow imp (D:5)
  A white imp (D:5)
  An ufetubus (D:6)
  3 worms
  2 dart slugs (D:5)
  40 orcs
  4 bats
  4 endoplasms
  2 giant cockroaches
  10 goblins
  6 hobgoblins
  6 jackals
  25 kobolds
  5 quokkas
  8 ball pythons
  A frilled lizard (D:1)
  A hobgoblin zombie (D:7)
  2 kobold zombies (D:7)
  23 orc zombies
  6 rats
  A spectral kobold (D:2)
295 creatures vanquished.

Vanquished Creatures (others)
  A butterfly (D:3)
1 creature vanquished.

Grand Total: 296 creatures vanquished

Notes
Turn   | Place    | Note
-------+----------+-------------------------------------------
     0 | D:1      | bmack86 the Minotaur Fighter began the quest for the Orb.
     0 | D:1      | Reached XP level 1. HP: 19/19 MP: 0/0
   144 | D:1      | Reached skill level 3 in Axes
   226 | D:1      | Reached XP level 2. HP: 22/26 MP: 1/1
   427 | D:1      | Reached skill level 4 in Axes
   759 | D:2      | Reached XP level 3. HP: 31/31 MP: 2/2
   865 | D:2      | Found Ajoe's Armour Boutique.
   871 | D:2      | Bought a +0 cloak for 45 gold pieces
  1000 | D:2      | Bought a +0 pair of gloves for 45 gold pieces
  1133 | D:2      | Reached skill level 5 in Axes
  1361 | D:2      | Found a glowing silver altar of Zin.
  1369 | D:2      | Reached XP level 4. HP: 39/39 MP: 3/3
  1431 | D:2      | Found a faded altar of an unknown god.
  1763 | D:3      | Found a white marble altar of Elyvilon.
  1825 | D:3      | Reached skill level 6 in Axes
  1958 | D:3      | Found a burning altar of Makhleb.
  1958 | D:3      | Noticed a balrug
  2330 | D:3      | Reached XP level 5. HP: 45/45 MP: 4/4
  2554 | D:2      | Bought a +0 kite shield for 45 gold pieces
  2583 | D:2      | Identified the +7 whip of Traps {heavy, Str+2}
  2762 | D:4      | Noticed an ogre
  2769 | D:4      | Killed an ogre
  2770 | D:4      | Reached skill level 7 in Axes
  2976 | D:4      | Reached XP level 6. HP: 29/51 MP: 5/5
  2979 | D:4      | Reached skill level 8 in Axes
  3799 | D:4      | Reached skill level 9 in Axes
  4169 | D:5      | Entered Level 5 of the Dungeon
  4333 | D:5      | Reached XP level 7. HP: 25/57 MP: 6/6
  4395 | D:5      | Noticed sunglassesatnite's ghost (amateur MiFi)
  4406 | D:5      | Found a runed translucent gate.
  4406 | D:5      | Found a runed translucent gate.
  4406 | D:5      | Found a runed translucent gate.
  4491 | D:5      | Found Afresk's Magic Scroll Shoppe.
  4556 | D:5      | Reached skill level 10 in Axes
  4824 | D:5      | Reached skill level 11 in Axes
  5113 | D:6      | Reached XP level 8. HP: 64/64 MP: 7/7
  5118 | D:6      | Noticed Sigmund
  5121 | D:6      | Found an ornate altar of the Wu Jian Council.
  5129 | D:6      | Killed Sigmund
  5134 | D:6      | Reached skill level 12 in Axes
  5383 | D:5      | Found a blossoming altar of Fedhas.
  5383 | D:5      | Found a hide-covered altar of Uskayaw.
  5386 | D:5      | Found a stormy altar of Qazlal.
  5788 | D:6      | Noticed Maggie
  5800 | D:6      | Killed Maggie
  5801 | D:6      | Reached skill level 13 in Axes
  6179 | D:6      | Found a staircase to the Ecumenical Temple.
  6193 | Temple   | Entered the Ecumenical Temple
  6205 | Temple   | Became a worshipper of Warmaster Okawaru
  6388 | D:7      | Noticed Pikel
  6389 | D:7      | Noticed Menkaure
  6396 | D:7      | HP: 1/64 [constriction (3)]
  6401 | D:7      | Killed Pikel
  6401 | D:7      | Reached * piety under Okawaru
  6402 | D:7      | Reached skill level 1 in Invocations
  6402 | D:7      | Reached XP level 9. HP: 21/70 MP: 7/9
  6403 | D:7      | Killed Menkaure
  6404 | D:7      | Reached skill level 14 in Axes
  6619 | D:7      | Found the +7 Kryia's mail coat {PotionHeal*2 rC+}
  6865 | D:7      | Found a sparkling altar of Nemelex Xobeh.
  6885 | D:7      | Found a broken altar of Ashenzari.
  7251 | D:8      | Noticed a two-headed ogre
  7257 | D:8      | Killed a two-headed ogre
  7257 | D:8      | Reached ** piety under Okawaru
  7258 | D:8      | Reached skill level 15 in Axes
  7524 | D:8      | Found a shadowy altar of Dithmenos.
  7576 | D:8      | Reached *** piety under Okawaru
  7577 | D:8      | Reached skill level 5 in Invocations
  7577 | D:8      | Reached XP level 10. HP: 69/77 MP: 12/12
  7590 | D:8      | Reached skill level 16 in Axes
  7760 | D:8      | Found a staircase to the Lair.
  7941 | D:8      | Noticed Erica
  7941 | D:8      | Noticed Grum
  7967 | D:8      | Killed Erica
  7971 | D:8      | Killed Grum
  8031 | D:8      | Noticed Prince Ribbit
  8041 | D:8      | Killed Prince Ribbit
  8256 | D:8      | Reached skill level 17 in Axes
  8264 | D:8      | Reached **** piety under Okawaru
  8404 | D:9      | Noticed Psyche
  8430 | D:9      | Killed Psyche
  8627 | D:9      | Noticed a two-headed ogre
  8640 | D:9      | Killed a two-headed ogre
  8895 | D:9      | Found a flagged portal.
  8908 | Bailey   | Entered a bailey
  9084 | Bailey   | Reached XP level 11. HP: 68/82 MP: 15/15
  9202 | Bailey   | Reached ***** piety under Okawaru
  9220 | Bailey   | Reached skill level 18 in Axes
  9335 | Bailey   | Identified the +0 robe of Mixkiwn {*Slow Int+7}
 10138 | D:9      | Found a staircase to the Orcish Mines.
 10434 | D:10     | Entered Level 10 of the Dungeon
 10434 | D:10     | Noticed Erolcha
 10616 | D:10     | Paralysed by Erolcha for 3 turns
 10622 | D:10     | Killed Erolcha
 10623 | D:10     | Reached skill level 5 in Fighting
 10623 | D:10     | Reached skill level 5 in Shields
 11017 | D:10     | Noticed Snorg
 11040 | D:10     | HP: 3/88 [Snorg (8)]
 11043 | D:10     | Slain by Snorg

Illustrated notes

Levels and vault maps discovered:
D:1:      dpeg_arrival_connections, layout_loops_ring, hangedman_feature_mirror,
          nicolae_concentric_dashed_squares_mild
D:2:      layout_basic, dreamdust_ecumenical_altar_drowned_temple, basic_altar,
          serial_shops, nicolae_shop_peninsula, hex_intersection, minmay_unequal
D:3:      layout_basic, makhleb_altar_promises_db,
          nicolae_elyvilon_peaceful_grove
D:4:      layout_layer_cave, nicolae_half_adder
D:5:      layout_cave_pools, nicolae_overflow_hidden_temple, serial_shops,
          nicolae_shop_peninsula, gammafunk_ghost_split, grunt_tough_drop
D:6:      layout_loops_ring, nicolae_overflow_crystal_walls,
          minmay_temple_entry_antechambers, supply_closet_lemuel, uniq_maggie,
          uniq_sigmund
D:7:      layout_cave_pods, mainiacjoe_overflow_swirl, moated_statue,
          minmay_mini_ossuary, uniq_pikel, uniq_menkaure
D:8:      layout_basic, lemuel_tele_altar, david_lair_generic,
          hangedman_decor_peaks_small, uniq_erica, uniq_grum,
          uniq_prince_ribbit1
D:9:      layout_roguey, erik_orc_4, enter_bailey_7, uniq_psyche
D:10:     layout_long_grid, tgw_kikubaaqudgha, dk_noncrumbling_2, uniq_snorg,
          uniq_erolcha
Temple:   hellmonk_temple_forest_ring

Skill      XL: |  1  2  3  4  5  6  7  8  9 10 11 |
---------------+----------------------------------+-----
Axes           | 3 4 5 6 7 9 11 13 15 17 18 | 18.2
Invocations    | 1 5 7 |  7.9
Fighting       | 5 |  5.2
Shields        | 5 |  5.1
Armour         | 4 |  4.4

Action                     |  1- 3 |  4- 6 |  7- 9 | 10-12 || total
---------------------------+-------+-------+-------+-------++-------
  Melee: War axe           |    77 |   141 |   186 |   386 ||   790
         Headbutt          |     3 |    28 |    43 |    64 ||   138
  Throw: Boomerang         |       |     2 |    90 |       ||    92
         Throwing net      |       |       |       |     2 ||     2
 Invoke: Heroism           |       |       |       |     5 ||     5
         Finesse           |       |       |       |     2 ||     2
    Use: Scroll            |     1 |    10 |     5 |    10 ||    26
         Potion            |       |     3 |     3 |     7 ||    13
 Armour: Scale mail        |    54 |    21 |    17 |   173 ||   265
         Chain mail        |       |    40 |    75 |       ||   115
         Skin              |       |       |       |     6 ||     6
  Dodge: Dodged            |    44 |    56 |   105 |   185 ||   390
  Block: Buckler           |    23 |    22 |    33 |   115 ||   193
         Reflection        |       |       |       |     9 ||     9

Table legend: (Time is in decaauts)
 A = Elapsed time spent in this place.
 B = Non-inter-level travel time spent in this place.
 C = Inter-level travel time spent in this place.
 D = Time resting spent in this place.
 E = Time spent auto-exploring this place.
 F = Levels seen in this place.
 G = Mean time per level.
                   A        B        C        D        E       F      G
               +--------+--------+--------+--------+--------+-----+--------+
         Total |  10942 |  10278 |    664 |    872 |   6209 |  12 |  911.8 |
       Dungeon |  10157 |   9501 |    656 |    642 |   6117 |  10 | 1015.7 |
        Temple |     21 |     13 |      8 |      0 |      0 |   1 |   21.0 |
        Bailey |    763 |    763 |      0 |    230 |     92 |   1 |  763.0 |
               +--------+--------+--------+--------+--------+-----+--------+

Top non-repeatable levels by time:
     D:4: 1483 daAuts
     D:8: 1427 daAuts
     D:3: 1074 daAuts
     D:6: 1062 daAuts
     D:5: 1018 daAuts
     D:7: 938 daAuts
     D:2: 936 daAuts
     D:9: 879 daAuts
  Bailey: 763 daAuts
     D:1: 763 daAuts
    D:10: 572 daAuts
  Temple: 21 daAuts
